 Dungeon Crawl Stone Soup version 0.30-a0-743-gbfdf073431 (webtiles) character file.

Game seed: 14280806205275646632

1724185 browni3141 the Cat of Death (level 20, 15/109 HPs)
             Began as a Felid Necromancer on Feb 5, 2023.
             Was the Champion of Jiyva.
             Escaped with the Orb
             ... and 3 runes on Feb 6, 2023!
             The game lasted 05:23:52 (50554 turns).

browni3141 the Cat of Death (Felid Necromancer)    Turns: 50554, Time: 05:23:53

Health: 15/109     AC:  5    Str:  5 (6)  XL:     20   Next: 94%
Magic:  43/43      EV: 31    Int: 41      God:    Jiyva [******]
Gold:   3213       SH:  0    Dex: 19      Spells: 1/56 levels left
                                        Lives:  0   Deaths: 4

rFire   + + .      SeeInvis +      - Unarmed
rCold   + . .      Faith    .    (shield unavailable)
rNeg    . . .      Spirit   .    (body armour unavailable)
rPois   .          Reflect  .    (helmet unavailable)
rElec   .          Harm     .    (cloak unavailable)
rCorr   +          Rampage  .    (gloves unavailable)
Will    +++++                    (boots unavailable)
Stlth   ++                       Y - amulet "Qeas" {RegenMP Will+ Regen+}
HPRegen 2.78/turn                f - ring "Kiaga" {rF+ Int+6 Dex+3 Slay+2}
MPRegen 1.18/turn                t - ring "Dieggugo" {Fly Will++ Int+3}

@: in death's door, flying, quick
A: very small, claws 1, fangs 3, see invisible, speed 1, shaggy fur 3, stealthy
paws, no weapons or thrown items, no armour, multi-lived, horns 1, clever 2,
deterioration 1, fire resistance 1, robust 2, strong 1, wild magic 1, gelatinous
body 2, engulf, noise suppression
0: Orb of Zot
}: 3/15 runes: decaying, serpentine, slimy
a: Renounce Religion, Oozemancy, Slimify


You escaped.
You worshipped Jiyva.
Jiyva was exalted by your worship.
You visited 10 branches of the dungeon, and saw 48 of its levels.
You also visited: Bailey, Gauntlet and Volcano.

You collected 7144 gold pieces.
You spent 3931 gold pieces at shops.

Inventory:

Jewellery
 f - the ring "Kiaga" (left paw) {rF+ Int+6 Dex+3 Slay+2}
   (You found it on level 2 of the Depths)

   [ring of intelligence]

   Int:       It affects your intelligence (+6).
   Dex:       It affects your dexterity (+3).
   Slay:      It affects your accuracy & damage with ranged weapons and melee
   (+2).
   rF:        It protects you from fire.
 k - the ring of Neliupt {rPois Dex+6}
   (You found it on level 3 of the Elven Halls)

   [ring of poison resistance]

   Dex:       It affects your dexterity (+6).
   rPois:     It protects you from poison.
 l - a ring of protection from cold
 p - the ring "Ewynocke" {+Blink Str+6}
   (You acquired it on level 15 of the Dungeon)

   [ring of strength]

   Str:       It affects your strength (+6).
   +Blink:    It lets you blink.
 t - the ring "Dieggugo" (right paw) {Fly Will++ Int+3}
   (You found it on level 5 of the Pits of Slime)

   [ring of flight]

   Int:       It affects your intelligence (+3).
   Fly:       It grants you flight.
   Will:      It greatly increases your willpower.
 K - the ring of Immorality {rF+ rN+ Dex+2 Stlth+}
   (You bought it in a shop on level 2 of the Depths)

   [ring of positive energy]

   Dex:       It affects your dexterity (+2).
   rF:        It protects you from fire.
   rN:        It protects you from negative energy.
   Stlth:     It makes you more stealthy.
 Q - the ring of Ozatet {rF+ AC+4 Int+2}
   (You found it on level 3 of the Lair of Beasts)

   [ring of protection]

   AC:        It affects your AC (+4).
   Int:       It affects your intelligence (+2).
   rF:        It protects you from fire.
 Y - the amulet "Qeas" (around neck) {RegenMP Will+ Regen+}
   (You found it in a Gauntlet)

   [amulet of magic regeneration]

   It increases your rate of magic regeneration.
   Regen:     It increases your rate of health regeneration.
   Will:      It increases your willpower.
 Z - the ring of Mogimat {Wiz Slay+2}
   (You found it in a Gauntlet)

   [ring of wizardry]

   It improves your spell success rate.
   Slay:      It affects your accuracy & damage with ranged weapons and melee
   (+2).
Wands
 x - a wand of quicksilver (4)
 L - a wand of flame (36)
 M - a wand of mindburst (35)
 P - a wand of roots (1)
 S - a wand of polymorph (18)
 U - a wand of paralysis (27)
 V - a wand of digging (4)
Scrolls
 h - 6 scrolls of amnesia
 i - 9 scrolls of immolation
 j - 3 scrolls of magic mapping
 o - 3 scrolls of enchant armour
 v - 9 scrolls of teleportation
 w - 3 scrolls of brand weapon
 y - a scroll of noise
 D - 4 scrolls of poison
 E - 3 scrolls of fog
 I - 4 scrolls of fear
 N - 5 scrolls of silence
 T - 4 scrolls of torment
 X - 3 scrolls of vulnerability
Potions
 a - a potion of ambrosia
 b - 3 potions of cancellation
 m - 21 potions of curing
 n - 2 potions of heal wounds
 q - 4 potions of might
 u - 7 potions of attraction
 z - 3 potions of magic
 A - 7 potions of mutation
 C - 6 potions of lignification
 H - 4 potions of brilliance
 O - 7 potions of berserk rage
 R - 3 potions of flight
Miscellaneous
 g - a tin of tremorstones (1/2)
 r - a condenser vane (inert)
 F - a box of beasts
 G - a piece from Xom's chessboard (15/15)
 J - a phial of floods (inert)
 W - a lightning rod (4/4)


   Skills:
 + Level 13.6 Fighting
 * Level 14.7 Dodging
 - Level 12.0 Stealth
 + Level 8.1 Unarmed Combat
 + Level 18.6 Spellcasting
 O Level 27 Necromancy
 - Level 12.0 Transmutations
 - Level 9.0 Earth Magic
 + Level 11.5 Evocations


You had one spell level left.
You knew the following spells:

 Your Spells              Type           Power      Damage    Failure   Level
a - Statue Form           Tmut/Erth      69%        N/A       2%          6
b - Vampiric Draining     Necr           100%       2d13      1%          3
d - Sublimation of Blood  Necr           100%       N/A       1%          2
e - Dispel Undead         Necr           100%       3d31      1%          4
f - Borgnjor's Vile Clut  Necr/Erth      63%        N/A       1%          5
g - Death Channel         Necr           73%        N/A       1%          6
h - Infestation           Necr           73%        N/A       1%          8
i - Anguish               Hex/Necr       57%        N/A       1%          4
j - Death's Door          Necr           73%        N/A       2%          9
k - Borgnjor's Revivific  Necr           73%        N/A       1%          8

Your spell library contained the following spells:

 Spells                   Type           Power      Damage    Failure   Level
 Foxfire                  Conj/Fire      100%       2x1d9     1%          1
 Magic Dart               Conj           100%       1d8       1%          1
 Necrotise                Necr           100%       1d9       1%          1
 Shock                    Conj/Air       100%       1d9       1%          1
 Sting                    Tmut/Pois      100%       1d8       1%          1
 Cigotuvi's Dreadful Rot  Necr/Pois/Air  100%       N/A       1%          2
 Passwall                 Tmut/Erth      86%        N/A       1%          2
 Wereblood                Tmut           100%       N/A       1%          2
 Stone Arrow              Conj/Erth      100%       3d13      1%          3
 Animate Dead             Necr           100%       N/A       1%          4
 Ice Form                 Ice/Tmut       85%        N/A       1%          4
 Petrify                  Tmut/Erth      100%       N/A       1%          4
 Agony                    Necr           100%       N/A       1%          5
 Blade Hands              Tmut           54%        N/A       1%          5
 Simulacrum               Ice/Necr       57%        N/A       1%          6
 Call Imp                 Summ           49%        N/A       2%          2
 Lesser Beckoning         Tloc           98%        N/A       2%          2
 Poisonous Vapours        Pois/Air       98%        N/A       2%          2
 Scorch                   Fire           98%        2d9       2%          2
 Searing Ray              Conj           98%        2d8       2%          2
 Dazzling Flash           Conj/Hex       98%        N/A       3%          3
 Frozen Ramparts          Ice            98%        1d15      3%          3
 Gell's Gravitas          Tloc           49%        N/A       3%          3
 Mephitic Cloud           Conj/Pois/Air  49%        N/A       3%          3
 Swiftness                Air            49%        N/A       3%          3
 Teleport Other           Tloc           49%        N/A       3%          3
 Tukima's Dance           Hex            49%        N/A       3%          3
 Alistair's Intoxication  Tmut/Pois      56%        N/A       3%          5
 Irradiate                Conj/Tmut      42%        3d25      3%          5
 Necromutation            Tmut/Necr      65%        N/A       3%          8
 Haunt                    Necr/Summ      57%        N/A       4%          7
 Dragon Form              Tmut           54%        N/A       7%          7
 Airstrike                Air            24%        2d(4-20)  11%         4
 Cause Fear               Hex            24%        N/A       11%         4
 Flame Wave               Conj/Fire      49%        2d12      11%         4
 Fulminant Prism          Conj/Hex       24%        3d12      11%         4
 Iskenderun's Mystic Bla  Conj/Tloc      49%        2d11      11%         4
 Manifold Assault         Tloc           49%        N/A       11%         4
 Olgreb's Toxic Radiance  Pois           49%        N/A       11%         4
 Passage of Golubria      Tloc           49%        N/A       11%         4
 Summon Lightning Spire   Summ/Air       49%        N/A       11%         4
 Eringya's Noxious Bog    Tmut/Pois      42%        N/A       13%         6
 Iron Shot                Conj/Erth      39%        9d8       24%         6
 Fireball                 Conj/Fire      24%        3d11      26%         5
 Freezing Cloud           Conj/Ice/Air   24%        6-21      26%         5
 Lightning Bolt           Conj/Air       24%        1d40      26%         5
 Metabolic Englaciation   Hex/Ice        24%        N/A       26%         5
 Silence                  Hex/Air        24%        N/A       26%         5
 Storm Form               Tmut/Air       42%        N/A       54%         7
 Starburst                Conj/Fire      24%        6d8       78%         6
 Summon Cactus Giant      Summ           24%        N/A       78%         6
 Enfeeble                 Hex            24%        N/A       100%        7
 Malign Gateway           Summ/Tloc      24%        N/A       100%        7
 Ozocubu's Refrigeration  Ice            24%        4d12      100%        7
 Summon Hydra             Summ           24%        N/A       100%        7
 Ignition                 Fire           24%        3d8       100%        8
 Lehudib's Crystal Spear  Conj/Erth      39%        10d10     100%        8
 Summon Horrible Things   Summ           24%        N/A       100%        8
 Chain Lightning          Conj/Air       24%        3d32      100%        9
 Dragon's Call            Summ           24%        N/A       100%        9
 Fire Storm               Conj/Fire      24%        8d6       100%        9
 Polar Vortex             Ice            24%        N/A       100%        9
 Shatter                  Erth           49%        3d37*     100%        9
 Animate Armour           Summ/Erth      Unusable   N/A       N/A         4
 Portal Projectile        Hex/Tloc       Unusable   N/A       N/A         3

Dungeon Overview and Level Annotations

Branches:
Dungeon (15/15)            Temple (1/1) D:5            Lair (5/5) D:11
  Swamp (4/4) Lair:2        Snake (4/4) Lair:2        Slime (5/5) Lair:4
    Orc (2/2) D:12            Elf (3/3) Orc:2        Vaults (0/5) D:14
 Depths (4/4) D:15            Zot (5/5) Depths:4     Bailey (visited)
Volcano (visited)         Gauntlet (visited)

Altars:
Ashenzari
Cheibriados
Dithmenos
Elyvilon
Fedhas
Gozag
Hepliaklqana
Kikubaaqudgha
Makhleb
Nemelex Xobeh
Okawaru
Qazlal
Ru
Sif Muna
Trog
Uskayaw
Vehumet
Wu Jian
Xom
Yredelemnul
Zin
The Shining One
Jiyva

Shops:
D:9 ?   D:10 ?!   Orc:2 =[(*[   Elf:1 ?=   Snake:1 :==   Depths:1 *[
Depths:2 [[[=

Portals:
Hell: Lair:5 Depths:1 Depths:2 Depths:3 Depths:4
Abyss: Depths:3
Pandemonium: Depths:2
Ziggurat: Depths:1
Trove: D:15 (give 15 potions of curing)

Annotations:
Slime:5 Royal Jelly
Elf:2 3 runed translucent doors
Zot:3 1 transporter, exclusion: jelly


Innate Abilities, Weirdness & Mutations

You have sharp claws.
You have razor-sharp teeth.
You have supernaturally acute eyesight. (SInv)
You cover ground quickly. (Speed+)
Your thick and shaggy fur keeps you warm. (AC +3, rC+)
Your paws help you pounce on unaware monsters.
You are incapable of wielding weapons or throwing items.
You cannot wear armour.
You gain extra lives every three experience levels.
You have a pair of small horns on your head.
Your mind is very acute. (Int +8, Str/Dex -2)
Your body sometimes deteriorates upon taking damage.
Your flesh is heat resistant. (rF+)
You are very robust. (+20% HP)
Your muscles are strong. (Str +4, Int/Dex -1)
Your spells are a little harder to cast, but a little more powerful.
Your pliable body absorbs attacks. (AC +2, EV +2)
Your melee attacks may engulf your foes in ooze.
You passively dampen the noise of your surroundings.


Message History

A rock wall.
This square is covered in magical glow.
The rock shatters into small pieces.
Okay, then.
Attack: -) Teeth and claws
Press: ? - help, Dir - move target, f - you
Okay, then.
Aiming: Dig
Press: ? - help, Shift-Dir - straight line You can't see that place. [the floor.]
The rock shatters into small pieces.
You see here 2 stones.
Your surroundings suddenly seem different.
There is a stone staircase leading down here.
As you read the scroll of teleportation, it crumbles to dust.
You feel strangely unstable.
You feel the Orb delaying your translocation!
As you read the scroll of teleportation, it crumbles to dust.
You feel strangely stable.
As you read the scroll of teleportation, it crumbles to dust.
You feel strangely unstable.
You feel the Orb delaying your translocation!
You reach down and open the door.
There is an open door here.
As you read the scroll of teleportation, it crumbles to dust.
You feel strangely stable.
As you read the scroll of teleportation, it crumbles to dust.
You feel strangely unstable.
You feel the Orb delaying your translocation!
As you read the scroll of teleportation, it crumbles to dust.
You feel strangely stable.
Casting: Borgnjor's Vile Clutch (safe; 1% risk of failure)
Confirm with . or Enter, or press ? or * to list all spells.
You stand defiantly in death's doorway!
You seem to hear sand running through an hourglass...
There is a dry fountain here.
There is a staircase leading out of the dungeon here.
Magic restored.
You have escaped!

#.#####..# #'# #.#....... #.#
#..###.## #.#####..# #.#
#..##...# #.# ##.. #.#
#).##...# #.# #.. #.#
#..##...# #.# #.. #.#
#..##...## #.######.. #.#
#####..⌠..#####.........
#.####.............##........
#...'.....⌠.@.⌠.....'........
#)####.............##........
#.# #####..⌠..##############
#.# ###...##
###.#######.#...#
#........[..#...#
#.#.........#...#
#.############.## #.#
#......#+#


There were no monsters in sight!

Vanquished Creatures
  A juggernaut (Depths:4)
  Vv (Zot:4)
  Parghit (Depths:4)
  3 Killer Klowns
  7 golden dragons
  A doom hound (Depths:2)
  4 electric golems
  7 tentacled monstrosities
  A Tzitzimitl (Depths:4)
  3 quicksilver dragons
  A deep elf blademaster (Elf:3)
  7 Orb Guardians
  2 Executioners
  Frances (D:14)
  2 death cobs (Zot:4)
  A nagaraja (Snake:4)
  3 tengu reavers
  3 shadow dragons (Zot:3)
  4 storm dragons
  2 thorn hunters
  3 draconian knights
  A deep elf sorcerer (Elf:3)
  2 ghost moths
  4 fire giants
  5 frost giants
  3 deep elf elementalists (Elf:3)
  A draconian stormcaller (Zot:4)
  A caustic shrike skeleton (Depths:3)
  A spriggan defender (Depths:4)
  3 orc warlords
  A cacodemon (D:11)
  2 stone giants
  3 very ugly things (Depths:4)
  6 black draconians
  A minotaur (Gauntlet)
  2 green draconians
  2 yellow draconians (Zot:4)
  A deep elf annihilator (Elf:2)
  A deep elf demonologist (Elf:3)
  2 eleionomae (Swamp:4)
  A bunyip (Swamp:3)
  3 red draconians
  7 white draconians
  A purple draconian (Zot:3)
  Snorg (D:9)
  A blizzard demon (D:12)
  A deep elf death mage (Elf:3)
  An ettin (Depths:2)
  3 fire dragons
  2 vault guards (Bailey)
  3 ice dragons
  2 ogre magi
  2 hydras
  2 spriggan air magi
  2 ghost crabs
  4 anacondas
  4 centaur warriors
  2 naga warriors
  A deep troll shaman (Depths:1)
  5 dancing weapons
  An alligator (Swamp:3)
  2 boulder beetles
  2 catoblepae
  4 two-headed ogres
  2 tengu warriors
  A deep troll earth mage (Depths:2)
  An orc high priest (Orc:2)
  The ghost of ASSMAN the Fighter, a novice AtBe of Trog (D:8)
  A shock serpent (Snake:3)
  2 naga sharpshooters (Snake:4)
  A soul eater (D:3)
  6 spriggan berserkers
  3 hell knights
  12 deep elf knights
  A sixfirhy (D:11)
  A sun demon (Lair:5)
  A goliath frog (Swamp:1)
  An iron troll (Depths:1)
  3 deep trolls
  4 bog bodies
  A spriggan simulacrum (Depths:3)
  4 swamp dragons
  3 deep elf archers
  A lindwurm (shapeshifter) (Depths:3)
  A wolf spider (D:15)
  3 necromancers
  6 orc knights
  A mana viper (Snake:3)
  3 cyclopes
  7 orc sorcerers
  12 deep elf zephyrmancers
  10 deep elf pyromancers
  8 ugly things
  4 manticores
  3 will-o-the-wisps
  8 moths of wrath
  4 salamanders
  A fire giant zombie (Depths:3)
  Maurice (D:9)
  3 naga magi
  8 black mambas
  7 elephants
  A molten gargoyle (Volcano)
  5 cane toads
  An unseen horror (D:13)
  2 tormentors
  2 orange demons (Lair:5)
  2 rime drakes (Lair:5)
  2 minotaur zombies (Gauntlet)
  5 komodo dragons
  An ice devil (Lair:5)
  2 kobold demonologists (D:9)
  2 red devils
  A hellwing (Lair:5)
  A bloated husk (Swamp:2)
  A polar bear (Lair:1)
  13 trolls
  3 hornets
  A tyrant leech (Swamp:3)
  3 blink frogs (Lair:5)
  A blink frog (shapeshifter) (D:15)
  Prince Ribbit (Bailey)
  3 slime creatures
  A centaur simulacrum (D:14)
  A jumping spider (shapeshifter) (Elf:3)
  A shadow (D:10)
  3 water elementals
  2 vampires
  A spriggan (Swamp:1)
  3 wyverns
  An air elemental (Elf:1)
  4 hogs (D:14)
  A fire bat (Volcano)
  2 fire elementals
  4 basilisks
  4 humans (Bailey)
  22 yaks
  13 vampire mosquitoes
  3 steam dragons
  A chaos spawn (D:2)
  A neqoxec (D:10)
  11 wargs
  3 swamp worms
  15 nagas
  3 acid dragons
  10 water moccasins
  2 hell hounds
  39 orc warriors
  2 swamp drakes
  2 ice beasts
  2 black bears
  A sky beast (D:8)
  A meliai simulacrum (D:15)
  6 wolves
  6 centaurs
  9 ogres
  5 kobold brigands
  2 phantoms
  6 gnoll sergeants
  17 bullfrogs
  A necrophage (D:6)
  A scorpion (D:5)
  2 earth elementals
  7 wights
  A warg zombie (Orc:2)
  5 howler monkeys
  A jelly (D:4)
  7 electric eels
  2 lava snakes (Volcano)
  4 hounds
  4 gnoll boudas
  18 orc priests
  19 orc wizards
  An iguana (D:5)
  6 hell rats
  An ogre zombie (Orc:2)
  Robin (D:2)
  A hell rat zombie (Lair:1)
  8 adders
  22 gnolls
  6 river rats (Lair:1)
  A shadow imp (D:6)
  2 white imps
  5 ufetubi
  A worm (D:2)
  3 dart slugs
  62 orcs
  9 ball pythons
  9 endoplasms
  2 giant cockroaches
  12 goblins
  12 hobgoblins
  3 jackals (D:2)
  11 quokkas
  6 bats
  2 frilled lizards (D:1)
  3 hobgoblin zombies (D:4)
  25 kobolds
  A kobold zombie (D:4)
  2 orc zombies (Orc:2)
  16 rats
  A river rat zombie (Lair:1)
866 creatures vanquished.

Vanquished Creatures (collateral kills)
  A juggernaut (Depths:4)
  Margery (Depths:2)
  Saint Roka (Depths:2)
  Vashnia (Snake:4)
  A caustic shrike (Depths:3)
  Nikola (Elf:2)
  2 golden dragons (Zot:1)
  2 bone dragons (Depths:4)
  2 doom hounds (Depths:2)
  2 electric golems (Zot:5)
  11 tentacled monstrosities
  Rupert (D:13)
  Jorgrun (D:13)
  3 quicksilver dragons
  A walking earthen tome (Depths:2)
  6 Orb Guardians (Zot:5)
  A lich (Depths:3)
  Grunn (Depths:2)
  A walking frostbound tome (Depths:3)
  A deep elf blademaster (Elf:3)
  Asterion (Snake:3)
  2 deep elf master archers (Elf:3)
  A sphinx (Depths:4)
  4 death cobs
  Kirke (D:14)
  The ghost of themarg the Martial Artist, an adept GnTm of Sif Muna (Swamp:1)
  4 thorn hunters
  7 storm dragons
  3 shadow dragons
  2 draconian monks
  A fenstrider witch (Swamp:4)
  4 deep elf sorcerers
  9 nagarajas
  6 frost giants
  An iron dragon (Depths:3)
  8 fire giants
  2 draconian scorchers
  Aizul (Snake:2)
  A draconian stormcaller (Zot:1)
  7 deep elf elementalists (Elf:3)
  A juggernaut skeleton (Depths:3)
  6 stone giants
  3 eleionomae (Swamp:4)
  9 very ugly things
  A green draconian (Zot:3)
  5 deep elf demonologists
  4 red draconians
  Nessos (D:13)
  A black draconian (Zot:1)
  A deep elf annihilator (Elf:3)
  A vampire knight (Depths:3)
  4 bunyips
  4 purple draconians
  A spark wasp (Depths:4)
  2 white draconians
  2 yellow draconians
  2 deep elf death magi (Elf:3)
  A yaktaur captain (D:14)
  A deep elf high priest (Elf:3)
  7 fire dragons
  4 ettins
  A shambling mangrove (Swamp:2)
  2 rakshasas (Depths:1)
  4 spriggan air magi
  Josephine (D:14)
  Erolcha (D:12)
  A salamander tyrant (Snake:3)
  A catoblepas (Lair:4)
  8 anacondas
  20 hydras
  5 ice dragons
  A ghost crab (Swamp:1)
  4 two-headed ogres
  25 dancing weapons
  A tengu warrior (Depths:1)
  8 deep troll earth magi
  6 alligators
  4 deep troll shamans
  13 naga warriors
  A death scarab (Depths:2)
  4 death yaks
  6 shock serpents
  2 vampire magi
  Urug (D:12)
  6 spriggan berserkers
  7 deep elf knights
  11 naga sharpshooters
  4 hell knights
  A death drake (Swamp:1)
  Lodul (D:12)
  2 spriggan riders
  4 salamander mystics
  6 iron trolls
  A sea snake (Snake:1)
  16 deep trolls
  A goliath frog (Swamp:1)
  3 bog bodies
  A golden dragon zombie (Depths:1)
  7 swamp dragons
  A spriggan druid (Swamp:4)
  4 naga ritualists
  2 flayed ghosts
  4 wizards
  8 deep elf archers
  An orc knight (Orc:2)
  15 deep elf zephyrmancers
  2 orc sorcerers
  14 deep elf pyromancers
  6 necromancers
  2 mana vipers
  15 ugly things
  2 elephants
  3 manticores
  16 salamanders
  A stone giant zombie (Depths:1)
  3 cyclopes
  12 moths of wrath
  A will-o-the-wisp (Swamp:4)
  8 naga magi
  8 slime creatures
  10 guardian serpents (Snake:4)
  A torpor snail (Lair:3)
  An orange demon (D:11)
  26 black mambas
  A molten gargoyle (Volcano)
  5 cane toads
  2 yaktaurs (D:14)
  2 rime drakes
  7 komodo dragons
  2 spriggan skeletons (Depths:1)
  3 tengu conjurers (Depths:1)
  A red devil (Lair:5)
  4 hornets
  7 trolls
  3 meliai (D:13)
  A bloated husk (Swamp:4)
  A polar bear (Lair:4)
  4 tyrant leeches
  A blink frog (Lair:5)
  6 water elementals
  16 yaks
  4 spriggans
  6 wraiths
  A human (Bailey)
  5 wargs
  35 nagas
  11 swamp worms
  3 water moccasins
  3 hell hounds (Lair:5)
  5 swamp drakes
  13 orc warriors
  A boggart (Elf:1)
  An ogre (shapeshifter) (D:15)
  13 wolves
  9 ogres
  3 centaurs (D:13)
  A phantom (D:6)
  4 kobold brigands (D:9)
  6 gnoll sergeants (D:9)
  2 necrophages (D:5)
  5 bullfrogs
  4 earth elementals
  A wight (D:9)
  8 electric eels
  5 howler monkeys (D:9)
  A gnoll bouda (D:9)
  9 orc priests
  Terence (D:2)
  3 iguanas (Lair:2)
  7 hell rats
  9 orc wizards
  A mummy (D:7)
  4 river rats (Lair:1)
  33 orcs
  A jackal (D:2)
  5 kobolds
  A quokka (Lair:1)
  2 goblins (D:2)
  5 rats
  3 briar patches (Swamp:4)
  A fungus (Depths:1)
  3 plants
829 creatures vanquished.

Vanquished Creatures (others)
  A tengu reaver (D:13)
  An ettin (D:13)
  An ettin (shapeshifter) (Depths:3)
  A yaktaur captain (D:9)
  An ice dragon (shapeshifter) (Depths:2)
  3 hydras
  2 boulder beetles
  A death knight (D:9)
  A centaur warrior (D:9)
  3 ogre magi
  A dancing weapon (Elf:2)
  A naga warrior (Snake:4)
  4 hell knights
  3 deep elf knights
  2 naga sharpshooters (Snake:4)
  A fire crab (Lair:2)
  3 anaconda zombies
  A wizard (Lair:5)
  2 orc knights
  A deep elf zephyrmancer (Elf:2)
  2 deep elf pyromancers
  A faun (shapeshifter) (Depths:1)
  A cyclops (D:9)
  A salamander (Snake:4)
  A shock serpent zombie (Snake:3)
  A torpor snail (Lair:3)
  A black mamba (Snake:4)
  An unseen horror zombie (D:13)
  An iron troll zombie (Depths:2)
  A komodo dragon (Lair:3)
  3 yaktaurs (D:9)
  A hydra zombie (Lair:5)
  4 bloated husks
  A troll (D:13)
  A merfolk (shapeshifter) (Depths:2)
  A boulder beetle zombie (D:9)
  A meliai zombie (D:13)
  A spriggan zombie (Depths:2)
  A guardian serpent zombie (Snake:4)
  5 black mamba zombies
  A deep troll zombie (Depths:1)
  2 elf zombies (D:10)
  A wyvern (Lair:3)
  A yak (Lair:2)
  A naga (Snake:2)
  A fire bat zombie (Volcano)
  3 human zombies
  2 two-headed ogre zombies
  A cane toad zombie (Lair:5)
  4 floating eyes (Depths:4)
  5 orc warriors
  A sky beast (D:9)
  A hornet zombie (Depths:2)
  A manticore zombie (D:12)
  7 naga zombies
  3 elephant zombies
  2 blink frog zombies (Lair:5)
  A black bear (D:10)
  A swamp dragon zombie (Swamp:4)
  A wolf (Lair:2)
  A vampire mosquito zombie (Swamp:3)
  2 komodo dragon zombies (Lair:5)
  2 yaktaur zombies (D:9)
  5 salamander zombies
  A fire crab zombie (Lair:2)
  A wyvern zombie (Lair:3)
  3 cyclops zombies
  3 water moccasin zombies
  4 warg zombies
  19 yak zombies
  6 troll zombies
  A killer bee (D:13)
  88 jellies
  4 wolf zombies (Lair:2)
  A black bear zombie (D:10)
  4 centaur zombies
  9 bullfrog zombies
  A scorpion zombie (D:5)
  Natasha (D:2)
  An iguana (D:9)
  A sky beast zombie (D:8)
  5 ogre zombies
  A hound zombie (D:5)
  6 hell rat zombies
  2 gnolls (Bailey)
  2 steam dragon zombies
  2 iguana zombies
  6 orcs
  An endoplasm (D:10)
  A hobgoblin (D:10)
  A kobold (D:13)
  A ball python (D:9)
  5 gnoll zombies
  3 goblin zombies (Bailey)
  2 hobgoblin zombies
  7 kobold zombies
  47 orc zombies
  2 quokka zombies
  2 river rat zombies (Lair:1)
  A briar patch (Swamp:4)
  A demonic plant (Gauntlet)
  20 foxfires
  50 fungi
  84 plants
514 creatures vanquished.

Grand Total: 2209 creatures vanquished

Notes
Turn   | Place    | Note
-------+----------+-------------------------------------------
     0 | D:1      | browni3141 the Felid Necromancer began the quest for the
                  | Orb.
     0 | D:1      | Reached XP level 1. HP: 7/7 MP: 4/4
   302 | D:1      | Reached skill level 1 in Fighting
   302 | D:1      | Reached XP level 2. HP: 12/12 MP: 3/6
  1216 | D:2      | Noticed Natasha
  1337 | D:2      | Reached XP level 3. HP: 15/15 MP: 5/7
  1338 | D:2      | Noticed Robin
  1531 | D:2      | Learned a level 3 spell: Vampiric Draining
  1541 | D:2      | Killed Robin
  1864 | D:2      | Reached skill level 5 in Necromancy
  2252 | D:2      | Reached XP level 4. HP: 19/19 MP: 5/8
  2428 | D:2      | Noticed Terence
  3736 | D:4      | Reached XP level 5. HP: 23/23 MP: 0/9
  3936 | D:4      | Noticed a phantom
  3953 | D:4      | Found a blossoming altar of Fedhas.
  4068 | D:4      | Reached skill level 1 in Unarmed Combat
  4481 | D:4      | Gained mutation: You are covered in thick fur. (AC +2)
                  | [Felid growth]
  4481 | D:4      | Reached XP level 6. HP: 21/28 MP: 0/10
  4934 | D:5      | Entered Level 5 of the Dungeon
  4940 | D:5      | Learned a level 4 spell: Animate Dead
  5181 | D:5      | Reached skill level 5 in Stealth
  5304 | D:5      | Reached skill level 5 in Dodging
  5304 | D:5      | Reached XP level 7. HP: 24/31 MP: 2/11
  5707 | D:5      | Found a stormy altar of Qazlal.
  5707 | D:5      | Found a sacrificial altar of Ru.
  5781 | D:5      | Found a staircase to the Ecumenical Temple.
  5796 | D:5      | Reached skill level 6 in Necromancy
  6524 | D:5      | Reached skill level 7 in Necromancy
  6775 | D:5      | Found a stormy altar of Qazlal.
  6776 | D:5      | Found a sacrificial altar of Ru.
  6970 | D:5      | Found a staircase to the Ecumenical Temple.
  7465 | Temple   | Entered the Ecumenical Temple
  7525 | Temple   | Became a worshipper of Kikubaaqudgha
  7688 | D:4      | Reached XP level 8. HP: 30/34 MP: 2/12
  8093 | D:6      | Reached skill level 8 in Necromancy
  8409 | D:6      | Reached skill level 9 in Necromancy
  8579 | D:6      | Found an iron altar of Okawaru.
  8636 | D:6      | Reached * piety under Kikubaaqudgha
  8636 | D:6      | Received a gift from Kikubaaqudgha
  8964 | D:6      | Reached skill level 10 in Necromancy
  9265 | D:7      | Found a snail-covered altar of Cheibriados.
  9399 | D:7      | Reached XP level 9. HP: 39/39 MP: 5/14
 10250 | D:8      | Found a runed translucent gate.
 10250 | D:8      | Found a runed translucent gate.
 10250 | D:8      | Found a runed translucent gate.
 10253 | D:8      | Noticed ASSMAN's ghost (novice AtBe)
 10322 | D:8      | Reached skill level 5 in Fighting
 10852 | D:8      | Noticed a manticore
 10907 | D:8      | Reached skill level 11 in Necromancy
 10920 | D:8      | Identified the +0 scimitar of Fortitude {heavy, rCorr Dex+3
                  | Stlth+}
 11156 | D:8      | Noticed an azure jelly
 11252 | D:8      | Reached ** piety under Kikubaaqudgha
 11256 | D:8      | Found a shimmering altar of Xom.
 11290 | D:8      | You fall into a shaft and drop 1 floor!
 11480 | D:9      | Reached XP level 10. HP: 43/44 MP: 7/15
 11536 | D:9      | Reached skill level 1 in Evocations
 11644 | D:9      | Noticed a two-headed ogre
 11748 | D:9      | Found the +8 autumn katana {manifold assault}
 11750 | D:9      | Found Qezxioz's Magic Scroll Boutique.
 11862 | D:9      | Reached skill level 12 in Necromancy
 11864 | D:9      | Bought a scroll of silence for 161 gold pieces
 11864 | D:9      | Bought a scroll of identify for 34 gold pieces
 11864 | D:9      | Bought a scroll of noise for 17 gold pieces
 11864 | D:9      | Bought a scroll of fog for 68 gold pieces
 11864 | D:9      | Bought a scroll of butterflies for 68 gold pieces
 11864 | D:9      | Bought a scroll of poison for 68 gold pieces
 11923 | D:9      | Noticed Maurice
 11953 | D:9      | Noticed a deep elf pyromancer
 12102 | D:9      | Killed Maurice
 12385 | D:8      | Learned a level 2 spell: Sublimation of Blood
 12593 | D:10     | Entered Level 10 of the Dungeon
 12594 | D:10     | Noticed Snorg
 12602 | D:10     | Found Veahy's Distillery.
 12609 | D:10     | Bought a potion of heal wounds for 65 gold pieces
 12609 | D:10     | Bought a potion of heal wounds for 65 gold pieces
 12773 | D:10     | Noticed a centaur warrior
 12775 | D:10     | Noticed a tengu warrior
 12775 | D:10     | Noticed a cyclops
 12775 | D:10     | Noticed a manticore
 12775 | D:10     | Noticed a deep elf pyromancer
 12775 | D:10     | Noticed a centaur warrior
 12775 | D:10     | Noticed an ogre mage
 12776 | D:10     | Noticed a cyclops
 12841 | D:11     | Noticed a purple ugly thing
 12959 | D:11     | Noticed a two-headed ogre
 12975 | D:11     | Noticed a two-headed ogre
 12976 | D:11     | Found a staircase to the Lair.
 13167 | D:10     | Found a flagged portal.
 13172 | Bailey   | Entered a bailey
 13388 | Bailey   | Reached skill level 13 in Necromancy
 13565 | Bailey   | Noticed a vault guard
 13565 | Bailey   | Noticed Prince Ribbit
 13574 | Bailey   | Noticed a vault guard
 13617 | Bailey   | Killed a vault guard
 13640 | Bailey   | Reached XP level 11. HP: 47/47 MP: 5/18
 13818 | Bailey   | Killed Prince Ribbit
 13824 | Bailey   | Killed a vault guard
 13825 | Bailey   | Reached skill level 14 in Necromancy
 14264 | D:9      | Noticed a two-headed ogre
 14271 | D:9      | Killed a two-headed ogre
 14272 | D:9      | Reached skill level 15 in Necromancy
 14321 | D:9      | Noticed an ogre mage
 14353 | D:9      | Killed an ogre mage
 14625 | D:9      | Reached *** piety under Kikubaaqudgha
 14625 | D:9      | Received a gift from Kikubaaqudgha
 14636 | D:9      | Learned a level 4 spell: Dispel Undead
 14809 | D:9      | Reached skill level 1 in Earth Magic
 15116 | D:9      | Killed a two-headed ogre
 15121 | D:9      | Reached skill level 5 in Unarmed Combat
 16079 | D:8      | Reached skill level 10 in Stealth
 16085 | D:8      | Gained mutation: Your thick and shaggy fur keeps you warm.
                  | (AC +3, rC+) [Felid growth]
 16085 | D:8      | Reached XP level 12. HP: 35/52 MP: 1/20
 16088 | D:8      | Reached skill level 5 in Spellcasting
 16235 | D:8      | Noticed a death yak
 16235 | D:8      | a death yak changed into a seven-headed hydra
 16235 | D:8      | Noticed a seven-headed hydra (shapeshifter)
 16257 | D:8      | Learned a level 5 spell: Borgnjor's Vile Clutch
 16301 | D:8      | Noticed an ice dragon
 16518 | D:8      | Noticed an ice dragon
 16575 | D:8      | Identified the +2 pair of gloves of Proximity {Harm MP+9}
 16650 | D:8      | Killed ASSMAN's ghost
 16854 | D:9      | Killed Snorg
 16965 | D:10     | Noticed a two-headed ogre
 16976 | D:10     | Killed a two-headed ogre
 16977 | D:10     | Reached skill level 5 in Earth Magic
 17085 | D:10     | Found a shadowy altar of Dithmenos.
 17186 | D:10     | Found The Oracle's Delphic Readings.
 17193 | D:10     | Bought a scroll of amnesia for 56 gold pieces
 17193 | D:10     | Bought a scroll of identify for 28 gold pieces
 17276 | D:10     | Killed a centaur warrior
 17594 | D:10     | Killed a tengu warrior
 17639 | D:10     | Killed an ogre mage
 17978 | D:10     | Shot with an arrow by a centaur warrior
 17979 | D:10     | Reached XP level 11. HP: -1/50 MP: 21/21
 18387 | D:10     | Killed a centaur warrior
 18388 | D:10     | Reached skill level 16 in Necromancy
 18689 | D:10     | Found a shadowy altar of Dithmenos.
 18705 | D:10     | Found Veahy's Distillery.
 18832 | D:10     | Found The Oracle's Delphic Readings.
 19006 | D:11     | Killed a two-headed ogre
 19092 | D:11     | Killed a purple ugly thing
 19452 | D:11     | Reached XP level 12. HP: 50/54 MP: 19/22
 19577 | D:11     | Killed a two-headed ogre
 19641 | Lair:1   | Entered Level 1 of the Lair of Beasts
 20333 | Lair:1   | Reached **** piety under Kikubaaqudgha
 21103 | Lair:1   | Learned a level 6 spell: Death Channel
 21141 | Lair:2   | Noticed a catoblepas
 21150 | Lair:2   | Killed a catoblepas
 21320 | Lair:2   | Reached skill level 17 in Necromancy
 21407 | Lair:2   | Found a staircase to the Swamp.
 21701 | Lair:2   | Found a staircase to the Snake Pit.
 21731 | Lair:2   | Slain by a naga
 21732 | Lair:2   | Reached XP level 11. HP: -2/50 MP: 19/24
 22321 | Lair:2   | Found a staircase to the Snake Pit.
 22708 | Lair:2   | Found a staircase to the Swamp.
 23117 | Lair:3   | Reached XP level 12. HP: 54/54 MP: 16/25
 23166 | Lair:3   | Noticed a five-headed hydra
 23174 | Lair:3   | Killed a five-headed hydra
 23291 | Lair:3   | HP: 1/54 [electric eel/bolt of electricity (9)]
 23313 | Lair:3   | Reached skill level 18 in Necromancy
 23950 | Lair:3   | Noticed a death yak
 23951 | Lair:3   | Noticed a death yak
 23952 | Lair:3   | Noticed a death yak
 23971 | Lair:3   | Killed a death yak
 23978 | Lair:3   | Killed a death yak
 23983 | Lair:3   | Killed a death yak
 24001 | Lair:3   | Identified the ring of Ozatet {rF+ AC+4 Int+2}
 24375 | Lair:4   | Noticed a catoblepas
 24389 | Lair:4   | Killed a catoblepas
 24543 | Lair:4   | Noticed a death yak
 24556 | Lair:4   | Killed a death yak
 24889 | Lair:4   | HP: 1/54 [polar bear (26)]
 25148 | Lair:4   | Found a staircase to the Slime Pits.
 25148 | Lair:4   | Found a viscous altar of Jiyva.
 25312 | Lair:5   | Entered Level 5 of the Lair of Beasts
 25312 | Lair:5   | Noticed a four-headed hydra
 25318 | Lair:5   | Identified 2 scrolls of acquirement
 25338 | Lair:5   | Reached skill level 19 in Necromancy
 25368 | Lair:5   | Reached ***** piety under Kikubaaqudgha
 25429 | Lair:5   | Killed a four-headed hydra
 25430 | Lair:5   | Reached XP level 13. HP: 57/57 MP: 14/26
 25629 | Lair:5   | Found a dark tunnel.
 25634 | Volcano  | Entered a volcano
 25635 | Volcano  | Upgraded the game from 0.30-a0-739-gea05faddec to
                  | 0.30-a0-743-gbfdf073431
 25759 | Volcano  | Found a burning altar of Makhleb.
 25903 | Volcano  | HP: 2/57 [salamander/+0 halberd (5)]
 25970 | Volcano  | Noticed a red draconian
 25987 | Volcano  | Killed a red draconian
 26282 | Lair:5   | Identified the ring of Lelagagh {Wiz rC- Str+4}
 26624 | Lair:5   | Reached skill level 20 in Necromancy
 26852 | Lair:5   | Found a burning altar of Makhleb.
 26927 | Lair:5   | Found a gateway to Hell.
 27346 | D:12     | Noticed Erolcha
 27364 | D:12     | Killed Erolcha
 27365 | D:12     | Noticed Lodul
 27372 | D:12     | Killed Lodul
 27376 | D:12     | Your ally Erolcha died
 27448 | D:12     | Reached ****** piety under Kikubaaqudgha
 27577 | D:12     | Found a staircase to the Orcish Mines.
 27592 | D:12     | Reached skill level 5 in Evocations
 27944 | D:12     | Noticed Urug
 27977 | D:12     | Killed Urug
 28238 | Orc:1    | Entered Level 1 of the Orcish Mines
 28253 | Orc:1    | Reached XP level 14. HP: 62/62 MP: 15/27
 28341 | Orc:1    | Found a bloodstained altar of Trog.
 28345 | Orc:1    | Received a gift from Kikubaaqudgha
 28526 | Orc:2    | Entered Level 2 of the Orcish Mines
 28620 | Orc:2    | Found Xucah's Antique Armour Boutique.
 28621 | Orc:2    | Found a staircase to the Elven Halls.
 28978 | Orc:2    | Noticed an orc warlord
 29003 | Orc:2    | Killed an orc warlord
 29081 | Orc:2    | Found Deog's General Store.
 29096 | Orc:2    | Found Plog's Antique Weapon Shop.
 29323 | Orc:2    | Bought a scroll of teleportation for 51 gold pieces
 29323 | Orc:2    | Bought a scroll of identify for 34 gold pieces
 29323 | Orc:2    | Bought a scroll of poison for 68 gold pieces
 29333 | Orc:2    | Found Muops's Antique Armour Shop.
 29349 | Orc:2    | Found Righeoruf's Jewellery Shop.
 29584 | Orc:1    | Noticed an orc warlord
 29639 | Orc:1    | Killed an orc warlord
 29802 | Orc:1    | Noticed an orc warlord
 29823 | Orc:1    | Killed an orc warlord
 29824 | Orc:1    | Reached skill level 10 in Spellcasting
 30133 | Orc:1    | Learned a level 8 spell: Infestation
 30133 | Orc:1    | Acquired a book of Maledictions
 30135 | Orc:1    | Acquired 848 gold pieces
 30391 | D:13     | Noticed Rupert
 30495 | D:13     | Noticed Jorgrun
 30503 | D:13     | Killed Jorgrun
 30530 | D:13     | Noticed Nessos
 30534 | D:13     | Killed Nessos
 30884 | D:13     | Your ally Nessos died
 30886 | D:13     | Killed Rupert
 31317 | D:14     | Noticed Josephine
 31592 | D:14     | Noticed Kirke
 31607 | D:14     | Killed Kirke
 31608 | D:14     | Reached XP level 15. HP: 66/66 MP: 4/30
 31618 | D:14     | Reached skill level 21 in Necromancy
 31661 | D:14     | Killed Josephine
 31685 | D:14     | Found a gate to the Vaults.
 31797 | D:14     | Noticed Frances
 32046 | D:14     | Killed Frances
 32161 | D:15     | Entered Level 15 of the Dungeon
 32217 | D:15     | Found a portal to a secret trove of treasure.
 32472 | D:15     | Found a gate leading to a gauntlet.
 32481 | Gauntlet | Entered a Gauntlet
 32481 | Gauntlet | Found a runed translucent door.
 32481 | Gauntlet | Found a transporter.
 32481 | Gauntlet | Found a runed translucent door.
 32492 | Gauntlet | Found a transporter.
 32494 | Gauntlet | Found a transporter.
 32508 | Gauntlet | Found a transporter.
 32510 | Gauntlet | Found a transporter.
 32517 | Gauntlet | Found a transporter.
 32534 | Gauntlet | Found a transporter.
 32548 | Gauntlet | Found a transporter.
 32552 | Gauntlet | Found a runed translucent door.
 32556 | Gauntlet | Found a transporter.
 32567 | Gauntlet | Found a transporter.
 32581 | Gauntlet | Found a transporter.
 32594 | Gauntlet | Found a transporter.
 32596 | Gauntlet | Found a transporter.
 32648 | Gauntlet | Found a transporter.
 32749 | Gauntlet | Identified the amulet "Qeas" {RegenMP Will+ Regen+}
 32822 | Gauntlet | Identified the ring of Mogimat {Wiz Slay+2}
 33054 | D:15     | Acquired the ring "Ewynocke" {+Blink Str+6}
 33267 | D:15     | Found a staircase to the Depths.
 33501 | D:15     | Reached skill level 22 in Necromancy
 33685 | Lair:4   | Fell from the grace of Kikubaaqudgha
 33685 | Lair:4   | Became a worshipper of Jiyva Jyotod the Shapeless
 33756 | Snake:1  | Entered Level 1 of the Snake Pit
 33895 | Snake:1  | Found Epta's Book Shop.
 33896 | Snake:1  | Found Teisha's Jewellery Emporium.
 33896 | Snake:1  | Found Wyetow's Jewellery Emporium.
 34155 | Snake:1  | Reached * piety under Jiyva
 34416 | Snake:2  | Noticed Aizul
 34482 | Snake:2  | Killed Aizul
 34578 | Snake:2  | Reached ** piety under Jiyva
 34923 | Snake:2  | Got the Meditations on Teratogeny
 35053 | Snake:3  | Reached XP level 16. HP: 59/70 MP: 7/31
 35081 | Snake:3  | Noticed Asterion
 35089 | Snake:3  | Killed Asterion
 35122 | Snake:3  | Reached skill level 23 in Necromancy
 35185 | Snake:3  | Reached *** piety under Jiyva
 35205 | Snake:3  | Found Ywehiab's Weapon Emporium.
 35510 | Snake:3  | Identified the +1 scale mail "Xaisooll" {rElec rCorr MP+9
                  | Str+3}
 35632 | Snake:3  | Learned a level 4 spell: Anguish
 35633 | Snake:4  | Entered Level 4 of the Snake Pit
 35688 | Snake:4  | Gained mutation: Your translucent skin slightly reduces
                  | your foes' accuracy. (Stealth+) [Jiyva's grace]
 35688 | Snake:4  | Gained mutation: Your translucent skin reduces your foes'
                  | accuracy. (Stealth+) [Jiyva's grace]
 35688 | Snake:4  | Gained mutation: Your transparent skin significantly
                  | reduces your foes' accuracy. (Stealth+) [Jiyva's grace]
 35688 | Snake:4  | Gained mutation: Your flesh is heat resistant. (rF+)
                  | [Jiyva's grace]
 35773 | Snake:4  | Noticed Vashnia
 35798 | Snake:4  | Killed Vashnia
 35923 | Snake:4  | Reached skill level 24 in Necromancy
 35925 | Snake:4  | Reached **** piety under Jiyva
 36072 | Snake:4  | Found a glowing silver altar of Zin.
 36430 | Snake:4  | Reached XP level 17. HP: 73/73 MP: 18/34
 36530 | Snake:4  | Got a serpentine rune of Zot
 36816 | Swamp:1  | Entered Level 1 of the Swamp
 36845 | Swamp:1  | Noticed a tentacled monstrosity
 36846 | Swamp:1  | Noticed themarg's ghost (adept GnTm)
 36922 | Swamp:1  | Found a runed translucent gate.
 36922 | Swamp:1  | Found a runed translucent gate.
 36923 | Swamp:1  | Found a runed translucent gate.
 36982 | Swamp:1  | Killed a tentacled monstrosity
 36984 | Swamp:1  | Killed themarg's ghost
 36997 | Swamp:1  | Identified the ring of Qiasid {Fire Dex+2}
 37002 | Swamp:1  | Got the Omnibus of the Freezing Compass
 37223 | Swamp:2  | Identified the amulet "Abiguih" {Faith rElec}
 37339 | Swamp:2  | Reached ***** piety under Jiyva
 37954 | Swamp:3  | Gained mutation: You have a somewhat thin skeletal
                  | structure. (Dex +2, Stealth+) [Jiyva's grace]
 37954 | Swamp:3  | Gained mutation: You have a moderately thin skeletal
                  | structure. (Dex +4, Stealth++) [Jiyva's grace]
 37954 | Swamp:3  | Gained mutation: You have an unnaturally thin skeletal
                  | structure. (Dex +6, Stealth+++) [Jiyva's grace]
 37954 | Swamp:3  | Gained mutation: You are robust. (+10% HP) [Jiyva's grace]
 38338 | Swamp:4  | Entered Level 4 of the Swamp
 38502 | Swamp:4  | Reached skill level 10 in Fighting
 38507 | Swamp:4  | Reached XP level 18. HP: 75/88 MP: 23/37
 38512 | Swamp:4  | Reached skill level 15 in Spellcasting
 38520 | Swamp:4  | Got a decaying rune of Zot
 38881 | Swamp:4  | Learned a level 9 spell: Death's Door
 38969 | Slime:1  | Entered Level 1 of the Pits of Slime
 39008 | Slime:5  | Entered Level 5 of the Pits of Slime
 39023 | Slime:5  | Noticed the Royal Jelly
 39024 | Slime:5  | Found a viscous altar of Jiyva.
 39245 | Elf:1    | Entered Level 1 of the Elven Halls
 39602 | Elf:1    | Reached ****** piety under Jiyva
 39804 | Elf:1    | Found Xitut's Jewellery Shoppe.
 39804 | Elf:1    | Found Anwomyan's Magic Scroll Emporium.
 39812 | Elf:1    | Bought a scroll of fog for 64 gold pieces
 39812 | Elf:1    | Bought a scroll of acquirement for 832 gold pieces
 39812 | Elf:1    | Bought a scroll of blinking for 120 gold pieces
 39812 | Elf:1    | Bought a scroll of teleportation for 48 gold pieces
 39842 | Elf:1    | Bought a +6 ring of strength for 396 gold pieces
 39958 | Elf:1    | Lost mutation: Your transparent skin significantly reduces
                  | your foes' accuracy. (Stealth+) [Jiyva's grace]
 39958 | Elf:1    | Gained mutation: Your muscles are strong. (Str +4, Int/Dex
                  | -1) [Jiyva's grace]
 39958 | Elf:1    | Gained mutation: Your muscles are very strong. (Str +8,
                  | Int/Dex -2) [Jiyva's grace]
 39958 | Elf:1    | Gained mutation: Your transparent skin significantly
                  | reduces your foes' accuracy. (Stealth+) [Jiyva's grace]
 39958 | Elf:1    | Gained mutation: You have a pair of small horns on your
                  | head. [Jiyva's grace]
 40172 | Elf:2    | Noticed Nikola
 40205 | Elf:2    | Killed Nikola
 40206 | Elf:2    | Reached skill level 25 in Necromancy
 40218 | Elf:2    | Found a radiant altar of Vehumet.
 40438 | Elf:2    | Found a radiant altar of Vehumet.
 40580 | Elf:2    | Found a runed translucent gate.
 40595 | Elf:2    | Found a runed translucent gate.
 40596 | Elf:2    | Found a runed translucent gate.
 40897 | Elf:2    | Found a runed translucent gate.
 40898 | Elf:2    | Found a runed translucent gate.
 40899 | Elf:2    | Found a runed translucent gate.
 41107 | Elf:3    | Entered Level 3 of the Elven Halls
 41141 | Elf:3    | Reached XP level 19. HP: 70/95 MP: 26/40
 41188 | Elf:3    | Found a radiant altar of Vehumet.
 41243 | Elf:3    | Identified the +9 quarterstaff of the Muttering Augurer
                  | {antimagic, *Slow rN+ rCorr Dex+3}
 41327 | Elf:3    | Found the +8 mithril axe "Arga" {speed, Will+}
 41338 | Elf:3    | Identified the ring of Neliupt {rPois Dex+6}
 41345 | Elf:3    | Was forgiven by Kikubaaqudgha
 42184 | Elf:3    | Acquired 733 gold pieces
 42394 | D:10     | Bought a potion of curing for 39 gold pieces
 42394 | D:10     | Bought a potion of attraction for 39 gold pieces
 42394 | D:10     | Bought a potion of mutation for 104 gold pieces
 42394 | D:10     | Bought a potion of attraction for 39 gold pieces
 42394 | D:10     | Bought a potion of curing for 39 gold pieces
 42394 | D:10     | Bought a potion of haste for 130 gold pieces
 42590 | Slime:5  | Identified the ring "Dieggugo" {Fly Will++ Int+3}
 42619 | Slime:5  | Got a slimy rune of Zot
 42924 | Depths:1 | Entered Level 1 of the Depths
 42956 | Depths:1 | Lost mutation: You have an unnaturally thin skeletal
                  | structure. (Dex +6, Stealth+++) [Jiyva's grace]
 42956 | Depths:1 | Lost mutation: You are robust. (+10% HP) [Jiyva's grace]
 42956 | Depths:1 | Gained mutation: Your rubbery body absorbs attacks. (AC +1,
                  | EV +1) [Jiyva's grace]
 42956 | Depths:1 | Gained mutation: Your pliable body absorbs attacks. (AC +2,
                  | EV +2) [Jiyva's grace]
 42956 | Depths:1 | Gained mutation: Your gelatinous body deflects attacks. (AC
                  | +3, EV +3) [Jiyva's grace]
 42956 | Depths:1 | Gained mutation: Armour fits poorly on your pseudopods.
                  | [Jiyva's grace]
 42993 | Depths:1 | Found a one-way gateway to a ziggurat.
 43028 | Depths:1 | Reached skill level 26 in Necromancy
 43060 | Depths:1 | Found a sacrificial altar of Ru.
 43079 | Depths:1 | Found Nicseng's Antique Armour Emporium.
 43127 | Depths:1 | Found Capruoklo's Assorted Antiques.
 43158 | Depths:1 | Bought a potion of curing for 120 gold pieces
 43158 | Depths:1 | Bought a scroll of poison for 160 gold pieces
 43158 | Depths:1 | Bought a potion of curing for 120 gold pieces
 43158 | Depths:1 | Bought a scroll of amnesia for 160 gold pieces
 43411 | Depths:2 | Reached skill level 10 in Evocations
 43453 | Depths:2 | Identified the ring "Kiaga" {rF+ Int+6 Dex+3 Slay+2}
 43463 | Depths:2 | Reached XP level 20. HP: 91/91 MP: 38/42
 43501 | Depths:2 | Found Enyopni's Jewellery Emporium.
 43513 | Depths:2 | Bought the ring of Immorality {rF+ rN+ Dex+2 Stlth+} for
                  | 738 gold pieces
 43619 | Depths:2 | Noticed a doom hound
 43620 | Depths:2 | Noticed a doom hound
 43621 | Depths:2 | Noticed Grunn
 43624 | Depths:2 | Noticed a doom hound
 43626 | Depths:2 | Killed a doom hound
 43627 | Depths:2 | Killed a doom hound
 43630 | Depths:2 | Killed Grunn
 43631 | Depths:2 | Killed a doom hound
 43653 | Depths:2 | Noticed Saint Roka
 43663 | Depths:2 | Killed Saint Roka
 43671 | Depths:2 | Found Myedwowk's Antique Armour Boutique.
 43676 | Depths:2 | Found Jobriymy's Antique Armour Shop.
 43679 | Depths:2 | Found Voceaq's Armour Boutique.
 43785 | Depths:2 | Noticed Margery
 43802 | Depths:2 | Killed Margery
 43844 | Depths:2 | Found a one-way gate leading to the halls of Pandemonium.
 44161 | Depths:3 | Learned a level 8 spell: Borgnjor's Revivification
 44175 | Depths:3 | Found a one-way gate to the infinite horrors of the Abyss.
 44579 | Depths:3 | Lost mutation: You have a moderately thin skeletal
                  | structure. (Dex +4, Stealth++) [Jiyva's grace]
 44579 | Depths:3 | Lost mutation: Your transparent skin significantly reduces
                  | your foes' accuracy. (Stealth+) [Jiyva's grace]
 44579 | Depths:3 | Lost mutation: Your translucent skin reduces your foes'
                  | accuracy. (Stealth+) [Jiyva's grace]
 44579 | Depths:3 | Gained mutation: You passively dampen the noise of your
                  | surroundings. [Jiyva's grace]
 44579 | Depths:3 | Gained mutation: Your flesh is very heat resistant. (rF++)
                  | [Jiyva's grace]
 44579 | Depths:3 | Gained mutation: Your flesh is almost immune to the effects
                  | of heat. (rF+++) [Jiyva's grace]
 44579 | Depths:3 | Gained mutation: Your spells are a little harder to cast,
                  | but a little more powerful. [Jiyva's grace]
 44729 | Depths:3 | Reached skill level 27 in Necromancy
 44789 | Depths:3 | Noticed a golden dragon
 44798 | Depths:3 | Killed a golden dragon
 44814 | Depths:3 | Noticed a caustic shrike
 44819 | Depths:3 | Killed a caustic shrike
 44822 | Depths:3 | Reached skill level 10 in Dodging
 45043 | Depths:4 | Entered Level 4 of the Depths
 45114 | Depths:4 | Learned a level 6 spell: Statue Form
 45152 | Depths:4 | Reached skill level 1 in Transmutations
 45237 | Depths:4 | Reached XP level 21. HP: 96/96 MP: 21/44
 45250 | Depths:4 | Noticed a juggernaut
 45278 | Depths:4 | Killed a juggernaut
 45280 | Depths:4 | Reached skill level 5 in Transmutations
 45460 | Depths:4 | Found a gate to the Realm of Zot.
 45556 | Depths:4 | Noticed a juggernaut
 45570 | Depths:4 | Killed a juggernaut
 45631 | Depths:4 | Noticed Parghit
 45636 | Depths:4 | Killed Parghit
 45851 | Zot:1    | Entered Level 1 of the Realm of Zot
 46048 | Zot:1    | You are sucked into a shaft and drop 1 floor!
 46111 | Zot:2    | Noticed a golden dragon
 46117 | Zot:2    | Killed a golden dragon
 46118 | Zot:2    | Reached skill level 10 in Transmutations
 46496 | Zot:2    | Noticed a golden dragon
 46513 | Zot:2    | Killed a golden dragon
 46532 | Zot:2    | Lost mutation: Your flesh is almost immune to the effects
                  | of heat. (rF+++) [Jiyva's grace]
 46532 | Zot:2    | Lost mutation: Your muscles are very strong. (Str +8,
                  | Int/Dex -2) [Jiyva's grace]
 46532 | Zot:2    | Lost mutation: Your gelatinous body deflects attacks. (AC
                  | +3, EV +3) [Jiyva's grace]
 46532 | Zot:2    | Lost mutation: Armour fits poorly on your pseudopods.
                  | [Jiyva's grace]
 46532 | Zot:2    | Gained mutation: You are robust. (+10% HP) [Jiyva's grace]
 46532 | Zot:2    | Gained mutation: You are very robust. (+20% HP) [Jiyva's
                  | grace]
 46532 | Zot:2    | Gained mutation: You are extremely robust. (+30% HP)
                  | [Jiyva's grace]
 46532 | Zot:2    | Gained mutation: Your spells are harder to cast, but more
                  | powerful. [Jiyva's grace]
 46755 | Zot:1    | Noticed a golden dragon
 46773 | Zot:1    | Killed a golden dragon
 46956 | Zot:1    | Noticed a golden dragon
 46959 | Zot:1    | Killed a golden dragon
 46982 | Zot:1    | Noticed a golden dragon
 46986 | Zot:1    | Killed a golden dragon
 46991 | Zot:1    | Reached XP level 22. HP: 130/130 MP: 39/45
 47562 | Zot:3    | Noticed an ancient lich
 47566 | Zot:3    | Found a transporter.
 47567 | Zot:3    | Found a radiant altar of Vehumet.
 47760 | Zot:3    | Noticed an orb of fire
 47762 | Zot:3    | Noticed a dread lich
 47765 | Zot:3    | Noticed an orb of fire
 47770 | Zot:3    | Noticed a golden dragon
 47784 | Zot:3    | Killed a golden dragon
 48284 | Zot:4    | Noticed a Killer Klown
 48288 | Zot:4    | Lost mutation: You have a somewhat thin skeletal structure.
                  | (Dex +2, Stealth+) [Jiyva's grace]
 48288 | Zot:4    | Lost mutation: Your flesh is very heat resistant. (rF++)
                  | [Jiyva's grace]
 48288 | Zot:4    | Lost mutation: You are extremely robust. (+30% HP) [Jiyva's
                  | grace]
 48288 | Zot:4    | Lost mutation: Your muscles are strong. (Str +4, Int/Dex
                  | -1) [Jiyva's grace]
 48288 | Zot:4    | Lost mutation: Your spells are harder to cast, but more
                  | powerful. [Jiyva's grace]
 48288 | Zot:4    | Lost mutation: Your translucent skin slightly reduces your
                  | foes' accuracy. (Stealth+) [Jiyva's grace]
 48288 | Zot:4    | Gained mutation: Your mind is acute. (Int +4, Str/Dex -1)
                  | [Jiyva's grace]
 48288 | Zot:4    | Gained mutation: Your mind is very acute. (Int +8, Str/Dex
                  | -2) [Jiyva's grace]
 48288 | Zot:4    | Gained mutation: Your melee attacks may engulf your foes in
                  | ooze. [Jiyva's grace]
 48288 | Zot:4    | Gained mutation: Your muscles are strong. (Str +4, Int/Dex
                  | -1) [Jiyva's grace]
 48292 | Zot:4    | Killed a Killer Klown
 48355 | Zot:4    | Noticed Vv
 48373 | Zot:4    | Killed Vv
 48603 | Zot:4    | Noticed a golden dragon
 48606 | Zot:4    | Noticed a golden dragon
 48618 | Zot:4    | Killed a golden dragon
 48621 | Zot:4    | Killed a golden dragon
 49099 | Zot:5    | Entered Level 5 of the Realm of Zot
 49406 | Zot:5    | Noticed an orb of fire
 49408 | Zot:5    | Noticed a Killer Klown
 49408 | Zot:5    | Noticed a Killer Klown
 49408 | Zot:5    | Noticed a Killer Klown
 49409 | Zot:5    | Noticed a golden dragon
 49409 | Zot:5    | Noticed a Killer Klown
 49410 | Zot:5    | Noticed an orb of fire
 49410 | Zot:5    | Noticed a Killer Klown
 49410 | Zot:5    | Noticed a golden dragon
 49463 | Zot:5    | Killed a Killer Klown
 49512 | Zot:5    | HP: 5/122 [Ice Fiend/bolt of cold[a Zot trap] (16)]
 49512 | Zot:5    | Mangled by a golden dragon
 49513 | Zot:5    | Reached XP level 21. HP: -11/116 MP: 44/44
 49583 | Zot:5    | Noticed a Killer Klown
 49677 | Zot:5    | Killed a Killer Klown
 49775 | Zot:5    | Noticed a Killer Klown
 49789 | Zot:5    | Gained mutation: Your body sometimes deteriorates upon
                  | taking damage. [an orb of fire]
 49805 | Zot:5    | Got the Orb of Zot
 49815 | Zot:5    | Noticed a curse toe
 49824 | Zot:5    | Killed from afar by an orb of fire
 49825 | Zot:5    | Reached XP level 20. HP: -6/112 MP: 43/43
 49873 | Zot:4    | Noticed Lucw the pandemonium lord
 50374 | D:2      | Killed Terence
 50414 | D:2      | Killed Natasha
 50554 | D:$      | Escaped with the Orb!

Illustrated notes

Levels and vault maps discovered:
D:1:      evilmike_arrival_plus, layout_basic, minmay_cut_off
D:2:      layout_basic, serial_park_tiny_2, skrybe_limestone_x,
          corexii_corridor_pit, kennysheep_potato, uniq_natasha, uniq_terence,
          uniq_robin
D:3:      layout_rooms, minmay_tree_intersection, chequers_jeans
D:4:      cheibrodos_thug_alley, layout_basic,
          mainiacjoe_overflow_small_starburst, minmay_mini_ossuary
D:5:      layout_basic, minitemple, minmay_temple_entry_crystal_x
D:6:      layout_cave_pools, mainiacjoe_overflow_cross_hatched,
          serial_column_ruins, column_ruins_hut, column_ruins_open_medium_water,
          column_ruins_grid_1, column_ruins_columns_straight,
          column_ruins_corridor_straight, minivault_25
D:7:      layout_loops_ring, slow_altar_1
D:8:      layout_loops_ring, tgw_xom, biasface_ghost_orc_armoury, minmay_radiant
D:9:      lemuel_castle_with_subvaults [lemuel_castle_interior_carwin_1],
          layout_irregular_city, serial_shops, nicolae_shop_hallway_stairs,
          uniq_maurice
D:10:     minmay_the_grid_octo_2x2 [minmay_the_grid_octo_focus,
          minmay_the_grid_octo_tetromino_candy, minmay_the_grid_octo_77,
          minmay_the_grid_octo_prize_big_c], layout_basic,
          grunt_dithmenos_smoke, enter_bailey_4, serial_shops, shop,
          chequers_mini_garden, nicolae_nh_oracle_at_delphi, uniq_snorg
D:11:     nicolae_cairo_tiling_large, layout_basic, lair_entry_dummy
D:12:     layout_rooms, erik_orc_2, minmay_holes, uniq_lodul, uniq_urug,
          uniq_erolcha
D:13:     layout_roguey, uniq_rupert, uniq_nessos, uniq_jorgrun
D:14:     layout_rooms, david_vaults_2, uniq_kirke, uniq_frances, uniq_josephine
D:15:     hangedman_depths_entry_try_elsewhere_first, layout_grid_maze,
          nicolae_trove_entry_isolated, serial_bayou_pond_c,
          gauntlet_entry_generic
Temple:   eino_wide_crystal_templ
Lair:1:   lemuel_ratsnest, layout_concentric_octagons,
          nicolae_lair_grove_arrangements, nicolae_quartered_pool_medium, pond
Lair:2:   layout_small_grid, minmay_swamp_entry_reptiles,
          minmay_snake_entry_guardpost_small
Lair:3:   layout_long_grid, serial_bayou, serial_bayou_lagoon_b,
          serial_bayou_pond_c, serial_bayou_ford_a, serial_bayou_pond_d
Lair:4:   layout_gridlike, slime_entry_1, beast_lair_carwin_5
Lair:5:   evil_forest, layout_small_grid, enter_volcano_4,
          dreamdust_gnoll_shepherd
Swamp:1:  layout_basic_swamp, gammafunk_ghost_split, evilmike_swamp_ruin_house_1
Swamp:2:  layout_basic_swamp, hangedman_swamp_ruin_wall,
          infiniplex_staircase_pool_2
Swamp:3:  layout_basic_swamp, serial_swamp_ruin, evilmike_swamp_ruin_rubble_1,
          evilmike_swamp_ruin_house_4, evilmike_swamp_ruin_house_5, swamp_pool4,
          nicolae_swamp_super_fun_site
Swamp:4:  swamp_alternative, layout_basic_swamp
Snake:1:  layout_cave_shapes, grunt_megastairs_3, minmay_shop_grove,
          serial_bayou_shore_a
Snake:2:  layout_onion, nicolae_snake_flat_spine, uniq_aizul
Snake:3:  layout_misc_corridors, serial_shops, nicolae_diamond_shop,
          grunt_ministairs_12, uniq_asterion
Snake:4:  grunt_snake_rune_serpentine_throne, layout_misc_corridors,
          basic_altar, grunt_ministairs_11, uniq_vashnia
Slime:1:  layout_caves
Slime:2:  layout_caves, nicolae_slime_rock_hall_of_fame
Slime:3:  layout_caves, nicolae_slime_crime_time
Slime:4:  layout_caves, cheibrodos_slime_lost_civilization_5
Slime:5
Orc:1:    layout_caves, basic_altar, minmay_orc_treasury
Orc:2:    grunt_orc_cross, layout_caves, serial_shops, nicolae_shop_statue_plus
Elf:1:    minmay_elf_arrival_circle, layout_onion_city, hangedman_elf_disciples,
          lemuel_upstairs_altar, minmay_shoptagon
Elf:2:    nicolae_elf_blades_splatter_lattice
          [nicolae_blade_entry_diamond_columns], layout_loops_cross,
          basic_altar, lemuel_statue_altar,
          nicolae_gammafunk_elf_defective_weapons_storage, uniq_nikola
Elf:3:    elf_hall, layout_geoelf_castle, basic_altar, grunt_megastairs_2
Depths:1: layout_big_octagon, enter_ziggurat_e, serial_shops, shop,
          nicolae_ru_the_path_less_chosen, hell_entry, kennysheep_windowed_goal
Depths:2: kennysheep_oblong_rooms, layout_gridlike, serial_shops, shop,
          grunt_metal_band, chequers_decorated_corner, pan_entry,
          hellmonk_scarab_ruin, minmay_shop_star, infiniplex_staircase_star,
          uniq_saint_roka, uniq_grunn
Depths:3: lemuel_traditional_vault, layout_basic, hell_entry, abyss_entry
Depths:4: evilmike_zot_entry_round, layout_cave_shapes, hell_entry,
          onia_ninara_cookie, kennysheep_random_hallway, uniq_parghit
Zot:1:    layout_cathedral_of_symmetry
Zot:2:    layout_concentric_octagons, uniq_josephina
Zot:3:    gammafunk_sealed_library, layout_gridlike, lemuel_elevator
Zot:4:    lemuel_draconian_sentries, layout_onion_interference,
          grunt_megastairs_1, uniq_vv
Zot:5:    layout_gridlike, lemuel_golem_globe

Skill      XL: |  1  2  3  4  5  6  7  8  9 10 11 12 13 14 15 16 17 18 19 20 21 22 |
---------------+-------------------------------------------------------------------+-----
Fighting       | 1 2 3 5 6 7 8 10 12 13 | 13.6
Necromancy     | 5 7 10 11 13 16 19 20 22 24 25 26 27 | 27.0
Stealth        | 3 4 5 6 8 10 12 | 12.0
Dodging        | 3 5 6 7 8 11 12 14 | 14.7
Unarmed Combat | 1 2 3 5 6 8 7 |  8.1
Spellcasting   | 3 4 8 10 12 14 16 17 18 | 18.6
Evocations     | 4 5 6 10 11 | 11.5
Earth Magic    | 2 5 8 9 |  9.0
Transmutations | 2 10 12 | 12.0

Action                     |  1- 3 |  4- 6 |  7- 9 | 10-12 | 13-15 | 16-18 | 19-21 | 22-24 || total
---------------------------+-------+-------+-------+-------+-------+-------+-------+-------++-------
  Melee: Unarmed           |    22 |    50 |   256 |   677 |   373 |    88 |   252 |   125 ||  1843
         Bite              |     2 |     3 |    33 |   118 |    54 |    15 |    67 |    31 ||   323
         Punch             |       |       |     7 |    35 |    20 |       |    21 |     7 ||    90
         Headbutt          |       |       |       |       |       |     2 |   100 |    42 ||   144
         Pseudopods        |       |       |       |       |       |       |    42 |       ||    42
   Cast: Necrotise         |   103 |   137 |   192 |    93 |    35 |       |       |       ||   560
         Vampiric Draining |       |     5 |    26 |   116 |    51 |    46 |    27 |       ||   271
         Animate Dead      |       |     1 |    13 |    24 |    12 |    12 |     4 |       ||    66
         Borgnjor's Vile C |       |       |       |    55 |    88 |    52 |   110 |    34 ||   339
         Dispel Undead     |       |       |       |    19 |     8 |     6 |    11 |       ||    44
         Death Channel     |       |       |       |    12 |    32 |    20 |    29 |    13 ||   106
         Sublimation of Bl |       |       |       |     1 |    12 |    10 |     6 |       ||    29
         Infestation       |       |       |       |       |    25 |   106 |   137 |    36 ||   304
         Anguish           |       |       |       |       |       |     4 |     4 |       ||     8
         Statue Form       |       |       |       |       |       |       |    20 |    20 ||    40
         Death's Door      |       |       |       |       |       |       |     6 |     1 ||     7
         Borgnjor's Revivi |       |       |       |       |       |       |     1 |       ||     1
 Invoke: Unearth Wretches  |       |       |       |    11 |     2 |       |       |       ||    13
         Receive Forbidden |       |       |       |       |     1 |       |       |       ||     1
  Evoke: Wand              |       |       |       |    15 |    16 |     1 |     6 |       ||    38
         Piece from Xom's  |       |       |       |     2 |       |       |       |       ||     2
         Condenser vane    |       |       |       |     2 |     3 |     2 |     3 |     1 ||    11
         Box of beasts     |       |       |       |     1 |     4 |     2 |     1 |     2 ||    10
         Phial of floods   |       |       |       |     1 |     4 |     2 |       |     4 ||    11
         Lightning rod     |       |       |       |       |     6 |     5 |     3 |       ||    14
         Tin of tremorston |       |       |       |       |       |     2 |       |     2 ||     4
    Use: Scroll            |       |     6 |     2 |    20 |    14 |     2 |    24 |     6 ||    74
         Potion            |       |       |     2 |     6 |     1 |     7 |    11 |    10 ||    37
   Stab: Sleeping          |       |     4 |    10 |    10 |    20 |     9 |     3 |    10 ||    66
         Distracted        |       |       |     1 |    13 |     7 |     7 |     8 |     2 ||    38
         Paralysed         |       |       |       |     1 |     7 |       |       |       ||     8
         Confused          |       |       |       |     8 |       |       |       |       ||     8
         Invisible         |       |       |       |       |       |     3 |       |       ||     3
 Armour: Skin              |       |     3 |    13 |    51 |    52 |    11 |   132 |   191 ||   453
  Dodge: Dodged            |    41 |    90 |   423 |   900 |   458 |   201 |   668 |   530 ||  3311

Table legend: (Time is in decaauts)
 A = Elapsed time spent in this place.
 B = Non-inter-level travel time spent in this place.
 C = Inter-level travel time spent in this place.
 D = Time resting spent in this place.
 E = Time spent auto-exploring this place.
 F = Levels seen in this place.
 G = Mean time per level.
                   A        B        C        D        E       F      G
               +--------+--------+--------+--------+--------+-----+--------+
         Total |  45171 |  41736 |   3435 |   3108 |  20437 |  51 |  885.7 |
       Dungeon |  20662 |  19281 |   1381 |   2294 |  10216 |  15 | 1377.5 |
        Temple |     54 |     50 |      4 |      0 |     26 |   1 |   54.0 |
          Lair |   6466 |   5837 |    629 |    196 |   3981 |   5 | 1293.2 |
         Swamp |   2046 |   1921 |    125 |      0 |    903 |   4 |  511.5 |
     Snake Pit |   2531 |   2409 |    122 |      0 |    967 |   4 |  632.8 |
    Slime Pits |    295 |    135 |    160 |      0 |     28 |   5 |   59.0 |
  Orcish Mines |   1760 |   1610 |    150 |     82 |    638 |   2 |  880.0 |
   Elven Halls |   2490 |   2365 |    125 |      2 |   1382 |   3 |  830.0 |
        Depths |   2586 |   2206 |    380 |      0 |    376 |   4 |  646.5 |
           Zot |   4677 |   4323 |    354 |    147 |   1488 |   5 |  935.4 |
        Bailey |    718 |    718 |      0 |    203 |    256 |   1 |  718.0 |
       Volcano |    480 |    480 |      0 |    124 |      0 |   1 |  480.0 |
      Gauntlet |    400 |    400 |      0 |     57 |    172 |   1 |  400.0 |
               +--------+--------+--------+--------+--------+-----+--------+

Top non-repeatable levels by time:
     D:9: 2944 daAuts
     D:5: 2289 daAuts
    D:10: 2003 daAuts
  Lair:2: 1852 daAuts
     D:4: 1683 daAuts
     D:8: 1585 daAuts
     D:2: 1400 daAuts
  Lair:1: 1357 daAuts
     D:1: 1193 daAuts
  Lair:5: 1140 daAuts
  Lair:3: 1130 daAuts
     D:7: 1101 daAuts
   Zot:1: 1095 daAuts
   Zot:4: 1083 daAuts
    D:13: 1054 daAuts
